 Dungeon Crawl Stone Soup version 0.16.1-4-g8e1b745 (webtiles) character file.

1649547 zkyp the Acrobat (level 27, 94/128 HPs)
             Began as a Felid Wizard on Mar 25, 2015.
             Was the Champion of Vehumet.
             Escaped with the Orb
             ... and 4 runes on Mar 26, 2015!
             The game lasted 06:11:06 (143041 turns).

zkyp the Acrobat (Felid Wizard)                   Turns: 143041, Time: 06:11:06

Health: 94/128     AC:  7    Str:  9    XL:     27
Magic:  41/51      EV: 31    Int: 33    God:    Vehumet [******]
Gold:   10282      SH:  3    Dex: 10    Spells: 14 memorised, 2 levels left
                                        Lives:  2   Deaths: 6

rFire  + + .     SeeInvis +       - Unarmed
rCold  + + .     Clarity  +     (armour unavailable)
rNeg   + + +     SustAb   .     (shield unavailable)
rPois  .         Gourm    .     (helmet unavailable)
rElec  .         Spirit   .     (cloak unavailable)
rCorr  .         Warding  .     (gloves unavailable)
rMut   .         Stasis   .     (boots unavailable)
MR     +++++                    w - amulet of the Four Winds {Clar rN+ MR+++}
Stlth  +.........               N - ring of the Twelve Moons {Fire MP+9 Str+4 Int+3 Slay+2 Stlth-}
                                V - ring "Strouw" {+Inv rF+ rC+ rN++ Dex-5}

@: very slightly contaminated, hasted, deflect missiles, very quick, almost
entirely resistant to hostile enchantments, very unstealthy
A: paw claws, no armour, no weapons or thrown items, antennae 1, fangs 3, icy
blue scales 1, large bone plates 2, see invisible, blink 1, carnivore 3, clumsy
1, cold resistance 1, deterioration 1, speed 1, low mp 1, magic resistance 1,
shaggy fur 3, slow healing 1, slow metabolism 1, spit poison 1, strong 1, wild
magic 1, MP-powered wands 1, sharp paws
a: Spit Poison, Blink, Renounce Religion, Evoke Invisibility
0: Orb of Zot
}: 4/15 runes: decaying, serpentine, slimy, silver


You escaped.
You worshipped Vehumet.
Vehumet was exalted by your worship.
You were very full.

You visited 11 branches of the dungeon, and saw 64 of its levels.
You visited 1 ziggurat, and saw 10 of its levels.
You also visited: Ice Cave and Wizlab.

You collected 12315 gold pieces.
You spent 2033 gold pieces at shops.

Inventory:

Jewellery
 a - a cursed ring of fire
 c - a cursed ring of protection from magic
 s - the ring of Kejain {rElec MP+9 Str+4}
   (You found it on level 3 of a ziggurat)

   [ring of magical power]

   It affects your strength (+4).
   It insulates you from electricity.
   It affects your magic capacity (+9).
 w - the amulet of the Four Winds (around neck) {Clar rN+ MR+++}
   (You took it off a deep elf priest on level 3 of the Elven Halls)

   [amulet of clarity]

   It provides mental clarity.
   It protects you from negative energy.
   It affects your resistance to hostile enchantments.
 z - the ring of Foavolui {SustAb Int+6}
   (You found it on level 4 of the Swamp)

   [ring of sustain abilities]

   It sustains your strength, intelligence and dexterity.
   It affects your intelligence (+6).
 E - an uncursed amulet of resist corrosion
 N - the ring of the Twelve Moons (right paw) {Fire MP+9 Str+4 Int+3 Slay+2 Stlth-}
   (You found it on level 6 of a ziggurat)

   [ring of fire]

   It enhances your fire magic, and weakens your ice magic.
   It affects your strength (+4).
   It affects your intelligence (+3).
   It affects your accuracy and damage with ranged weapons and melee attacks
   (+2).
   It protects you from fire.
   It makes you vulnerable to cold.
   It affects your magic capacity (+9).
   It makes you less stealthy.
 S - the ring of the Duke {rElec rF- rC+ rN+ Dex-3 Slay+2}
   (You found it on level 9 of a ziggurat)

   [ring of positive energy]

   It affects your dexterity (-3).
   It affects your accuracy and damage with ranged weapons and melee attacks
   (+2).
   It makes you vulnerable to fire.
   It protects you from cold.
   It insulates you from electricity.
   It protects you from negative energy.
 V - the ring "Strouw" (left paw) {+Inv rF+ rC+ rN++ Dex-5}
   (You took it off a deep elf fighter on level 5 of the Vaults)

   [ring of invisibility]

   It affects your dexterity (-5).
   It protects you from fire.
   It protects you from cold.
   It greatly protects you from negative energy.
   It lets you turn invisible.
Magical devices
 k - a wand of teleportation (6)
 l - a wand of disintegration (4)
 o - a wand of hasting (3)
 t - a wand of lightning (6)
 u - a wand of heal wounds (9)
 v - a wand of digging (19)
 x - a wand of teleportation (8)
 H - a wand of invisibility (3)
 J - a wand of teleportation (7)
 O - a wand of teleportation (7)
 T - a wand of digging (0)
 W - a wand of disintegration (10)
 Y - a wand of fire (7)
Scrolls
 g - 29 scrolls of remove curse {@r1}
 h - a scroll of amnesia
 i - 2 scrolls of silence {!r}
 n - 9 scrolls of magic mapping
 p - 8 scrolls of recharging
 r - 2 scrolls of holy word
 y - 18 scrolls of teleportation
 I - 2 scrolls of blinking
 K - 8 scrolls of fog
Potions
 b - 3 potions of cure mutation {!q}
 e - 16 potions of curing {@q1}
 f - a potion of magic
 j - 2 potions of heal wounds
 m - 3 potions of flight
 q - 9 potions of agility
 A - 2 potions of invisibility
 B - 2 potions of haste
 C - 3 potions of cancellation
 F - 9 potions of restore abilities
 L - 5 potions of brilliance
 Q - 6 potions of might
Books
 D - a book of Hinderance

   Spells                             Type                      Level
   a - Confusing Touch                Hexes                        2
   b - Confuse                        Hexes                        3
   c - Petrify                        Transmutation/Earth          4
   d - Metabolic Englaciation         Hexes/Ice                    5
   e - Gell's Gravitas                Hexes/Translocation          5
   f - Summon Mana Viper              Hexes/Summoning              5
 R - Crig Hoe's Almanac of Enthralling Black Magic
   (You found it on level 7 of a ziggurat)

   Spells                             Type                      Level
   a - Animate Skeleton               Necromancy                   1
   b - Confuse                        Hexes                        3
   c - Control Undead                 Necromancy                   4
   d - Invisibility                   Hexes                        6
   e - Simulacrum                     Ice/Necromancy               6
 U - the Incunabulum of the Lethal Birds
   (You found it on level 10 of a ziggurat)

   Spells                             Type                      Level
   a - Shock                          Conjuration/Air              1
   b - Repel Missiles                 Charms/Air                   2
   c - Flight                         Charms/Air                   3
   d - Mephitic Cloud                 Conjuration/Poison/Air       3
   e - Freezing Cloud                 Conjuration/Ice/Air          6
 Z - a book of Power

   Spells                             Type                      Level
   a - Fulminant Prism                Conjuration/Hexes            4
   b - Iskenderun's Mystic Blast      Conjuration                  4
   c - Venom Bolt                     Conjuration/Poison           5
   d - Bolt of Magma                  Conjuration/Fire/Earth       5
   e - Iron Shot                      Conjuration/Earth            6
   f - Orb of Destruction             Conjuration                  7
   g - Spellforged Servitor           Conjuration/Summoning        7
Miscellaneous
 G - a fan of gales
Comestibles
 d - 23 meat rations


   Skills:
 - Level 17.0 Fighting
 - Level 25.9 Dodging
 - Level 2.6 Stealth
 - Level 8.8 Unarmed Combat
 + Level 20.7 Spellcasting
 * Level 23.8 Conjurations
 - Level 10.0 Charms
 - Level 1.0 Summonings
 - Level 10.4 Translocations
 * Level 24.7 Fire Magic
 - Level 10.0 Air Magic
 - Level 8.1 Earth Magic


You had 2 spell levels left.
You knew the following spells:

 Your Spells              Type           Power        Failure   Level  Hunger
a - Ring of Flames        Chrm/Fire      ########..   3%          7    #......
b - Blink                 Tloc           N/A          1%          2    None
c - Fireball              Conj/Fire      #########.   1%          5    None
d - Phase Shift           Tloc           ########..   2%          5    None
e - Searing Ray           Conj           ######       1%          2    None
f - Iron Shot             Conj/Erth      ########..   1%          6    None
g - Summon Butterflies    Summ           ######..     3%          1    None
h - Iskenderun's Battles  Conj/Chrm      ########     1%          5    None
i - Delayed Fireball      Conj/Fire      N/A          1%          7    #......
j - Repel Missiles        Chrm/Air       ######       1%          2    None
s - Deflect Missiles      Chrm/Air       ########..   7%          6    None
x - Bolt of Fire          Conj/Fire      #########.   1%          6    None
z - Fire Storm            Conj/Fire      #########.   5%          9    ######.
X - Orb of Destruction    Conj           ########..   1%          7    #......


Dungeon Overview and Level Annotations

Branches:
Dungeon (15/15)            Temple (0/1) D:7            Lair (8/8) D:9
  Swamp (5/5) Lair:4        Snake (5/5) Lair:6        Slime (6/6) Lair:6
    Orc (4/4) D:12            Elf (3/3) Orc:4        Vaults (5/5) D:14
  Crypt (3/3) Vaults:2       Tomb (0/3) Crypt:3      Depths (5/5) D:15
    Zot (5/5) Depths:5

Altars:
Ashenzari
Elyvilon
Fedhas
Gozag
Kikubaaqudgha
Nemelex Xobeh
Okawaru
Sif Muna
Trog
Vehumet
Yredelemnul
Zin
The Shining One
Beogh
Jiyva

Shops:
D:5 }   D:11 (   D:12 [(   D:15 [   Orc:3 [   Orc:4 =?}=   Elf:3 (
Snake:2 [=*   Vaults:2 [   Vaults:3 *   Vaults:4 [*(=*   Vaults:5 *%
Depths:1 (

Portals:
Hell: Depths:1 Depths:2 Depths:3 Depths:4 Depths:5
Abyss: Depths:4 Depths:5
Pandemonium: Depths:3
Trove: Elf:1 (give wand of heal wounds (8))

Annotations:
D:9 exclusion: door
Elf:2 3 runed doors
Vaults:4 Jory


Innate Abilities, Weirdness & Mutations

You cannot wear armour.
You are incapable of wielding weapons or throwing items.
You have razor-sharp teeth.
You have supernaturally acute eyesight.
You are carnivorous and can eat meat at any time.
You cover ground quickly.
Your thick and shaggy fur keeps you warm (AC +3, rC+).
You have a slow metabolism.
Your paws have sharp claws that are effective at stabbing.
You have a pair of small antennae on your head.
You are partially covered in icy blue scales (AC +1).
You are mostly covered in large bone plates (AC +3, SH +3).
You can translocate small distances at will.
You are clumsy. (Dex -2)
Your flesh is cold resistant.
Your body is slowly deteriorating.
Your magical capacity is low (-10% MP).
You are resistant to hostile enchantments.
You heal slowly when monsters are visible.
You can spit poison.
Your muscles are strong. (Str +2)
Your spells are a little harder to cast, but a little more powerful.
You expend magic power (3 MP) to slightly strengthen your wands.


Message History

The gelid chaos champion shouts!
The gelid black sun shouts!
The gelid chaos champion calls down the wrath of its god upon you.
Nothing appears to happen.
Evoke which item? (* to show all) (? for menu, Esc to quit)
Zapping:
o - a wand of hasting (4)
Press: ? - help, Shift-Dir - straight line, f - you You feel yourself speed up.
This wand has 3 charges left.
A hellwing comes into view.
There is an open door here.
A gelid demonspawn comes into view. It is wielding a dire flail.
The gelid demonspawn shouts!
As you close the door, it creaks loudly!
An ice devil comes into view.
The gelid demonspawn hits you with a dire flail!
The gelid demonspawn barely misses you. The ice devil misses you.
There is an open door here.
There is an open door here.
There is a staircase leading out of the dungeon here.
You have escaped!

## ######
.###############....###
......#...##....)...#.###
###.....###...#####.....###
..####...(.####...####....#
.....###'###.........###..#
⌠......'6'.3....@......#..#
.....###'###.........###.##
..####.....####...####....#
###...........#####.......#
....##...................##
...##..#.....#....###..#..#
..###.###..######## #######
.## #####.## .# ##....##


You could see an ice devil and a gelid demonspawn.

Vanquished Creatures
  the royal jelly (Slime:6)
  9 orbs of fire
  6 ancient liches
  A greater mummy (Crypt:3)
  Boris (Depths:4)
  Sojobo (Depths:4)
  the Lernaean hydra (Swamp:5)
  Norris (Depths:2)
  Saint Roka (Swamp:3)
  2 Killer Klowns (Zot:5)
  3 curse toes
  Mara (Crypt:1)
  2 caustic shrikes
  12 golden dragons
  2 profane servitors (Crypt:3)
  The ghost of BLOAX the Severer, a mighty MiHu of Cheibriados (Zig:5)
  A Brimstone Fiend (Depths:1)
  6 liches
  6 electric golems
  Nikola (Snake:1)
  21 tentacled monstrosities
  Vashnia (Snake:2)
  25 Orb Guardians (Zot:5)
  3 quicksilver dragons
  2 deep elf blademasters (Elf:3)
  2 deep elf master archers (Elf:3)
  2 titans
  12 acid blobs
  The ghost of CrazyArbalest the Sniper, a mighty CeHu of Gozag (Elf:3)
  3 sphinxes
  Rupert (Elf:1)
  Agnes (Swamp:4)
  11 shadow dragons
  Kirke (Snake:1)
  2 thorn hunters
  7 tengu reavers
  5 ancient champions
  Roxanne (D:15)
  6 draconian monks
  15 storm dragons
  3 revenants
  7 deep elf sorcerers
  7 azure jellies
  19 vault wardens
  2 iron dragons
  Donald (Orc:3)
  Wiglaf (Crypt:2)
  Maud (Depths:2)
  8 draconian scorchers
  Aizul (Vaults:1)
  Louise (Swamp:4)
  8 fire giants
  6 draconian zealots
  6 draconian knights
  The ghost of herpmino the Bludgeoner, a mighty VSCK of Xom (Snake:5)
  7 greater nagas
  3 curse skulls
  An orc warlord (Depths:3)
  11 emperor scorpions
  9 ghost moths
  12 frost giants
  19 ghouls
  2 cacodemons
  Jorgrun (Crypt:2)
  5 draconian annihilators
  4 war gargoyles (Vaults:5)
  12 very ugly things
  2 reapers
  8 draconian shifters
  9 vampire knights
  A Killer Klown zombie (Crypt:2)
  9 deep elf demonologists
  24 stone giants
  2 bennus (Zig:3)
  23 ironheart preservers
  3 draconian callers
  2 lorocyprocas
  13 grey draconians
  5 mottled draconians
  6 green draconians
  Azrael (D:15)
  9 deep elf annihilators
  12 white draconians
  14 eidola
  A red draconian (shapeshifter) (Zot:2)
  9 pale draconians
  A purple draconian (shapeshifter) (Zot:2)
  6 black draconians
  8 purple draconians
  4 red draconians
  12 deep elf death magi
  10 dire elephants
  14 yellow draconians
  3 unborn
  A white draconian (shapeshifter) (Zot:2)
  10 ettins
  Snorg (Snake:4)
  20 fire dragons
  11 jiangshi
  3 minotaurs
  12 death oozes (Slime:6)
  3 crystal guardians
  A blizzard demon (Zig:8)
  5 deep elf high priests
  Josephine (Orc:3)
  9 death cobs
  A hydra (shapeshifter) (Zot:2)
  A quicksilver dragon skeleton (Crypt:1)
  7 rakshasas
  38 vault guards
  12 yaktaur captains
  28 hydras
  14 naga warriors
  14 centaur warriors
  20 ice dragons
  A catoblepas (Lair:7)
  10 great orbs of eyes
  13 ogre magi
  A monstrous demonspawn (WizLab)
  Nessos (D:15)
  5 spriggan air magi
  Erica (Lair:6)
  A ghost crab (Swamp:2)
  8 anacondas
  15 alligators
  8 deep troll earth magi
  12 deep troll shamans
  6 dancing weapons
  15 death yaks
  4 death knights
  A spectral elf (Zig:10)
  3 tengu warriors (Depths:1)
  2 titan zombies
  4 spriggan berserkers (Depths:5)
  2 orc high priests
  Urug (Elf:1)
  8 vampire magi
  6 shock serpents
  10 shadow wraiths
  19 naga sharpshooters
  Nergalle (Lair:3)
  5 soul eaters
  A sun demon (D:4)
  5 iron trolls (Depths:5)
  3 salamander mystics
  2 storm dragon zombies
  A titan skeleton (Depths:4)
  30 skeletal warriors
  3 ice devils
  21 deep elf knights
  A deep troll (shapeshifter) (Vaults:4)
  5 hell knights
  4 spriggan druids
  5 unseen horrors
  3 death drakes
  2 sea snakes (shapeshifter) (Vaults:3)
  An anaconda zombie (Crypt:3)
  13 deep elf summoners
  11 flayed ghosts
  3 naga ritualists
  8 giant orange brains
  17 ironbrand convokers
  2 shambling mangroves (Swamp:5)
  2 ice statues (IceCv)
  5 orb spiders
  A spectral wolf spider (Crypt:1)
  34 deep trolls
  2 swamp dragons (shapeshifter)
  Erolcha (D:12)
  9 swamp dragons
  7 mana vipers
  14 orc knights
  A spectral hydra (Depths:2)
  11 hill giants
  A very ugly thing skeleton (Vaults:5)
  12 necromancers
  2 sphinx zombies
  2 wizards
  7 wolf spiders
  39 deep elf conjurers
  3 harpies (Vaults:1)
  5 shining eyes
  2 iron dragon zombies
  A tengu skeleton (Vaults:4)
  19 salamanders
  3 shadow dragon skeletons
  The ghost of herpmino the Cleaver, an experienced VSCK of Xom (D:8)
  3 wolf spider zombies
  12 orc sorcerers
  2 manticores
  2 stone giant zombies
  3 frost giant zombies
  2 fire giant zombies
  6 guardian serpents
  A worldbinder (Zig:1)
  3 centaur zombies (D:15)
  5 griffons
  7 cyclopes
  11 hornets
  32 moths of wrath
  An oklob plant (Orc:4)
  30 phantasmal warriors
  14 elephants
  A guardian serpent (shapeshifter) (D:15)
  69 ugly things
  2 cyclopes (shapeshifter)
  A frost giant skeleton (Vaults:3)
  A black mamba (shapeshifter) (Depths:2)
  A small abomination (Vaults:4)
  2 stone giant skeletons
  A rust devil (Depths:3)
  2 sixfirhies
  Joseph (D:7)
  An apocalypse crab (Zot:2)
  31 black mambas
  A queen ant (D:9)
  18 vault sentinels
  21 naga magi
  3 gargoyles
  29 spiny frogs
  6 fire drakes
  4 torpor snails
  3 orange crystal statues
  An eye of devastation (Slime:6)
  An efreet (D:15)
  A dire elephant skeleton (Crypt:1)
  An iron troll zombie (Crypt:2)
  13 komodo dragons
  A grey draconian zombie (Crypt:1)
  A redback zombie (D:15)
  A white draconian zombie (Crypt:2)
  51 yaktaurs
  5 demonic crawlers
  An elf (shapeshifter) (Vaults:3)
  17 deep elf priests
  2 guardian mummies
  12 freezing wraiths
  3 tengu conjurers
  3 harpy zombies
  3 kobold demonologists
  A shadow dragon simulacrum (Crypt:2)
  5 raiju
  A red devil (Depths:3)
  5 giant leeches
  3 silent spectres (Crypt:3)
  3 wind drakes
  A hydra zombie (Crypt:2)
  23 two-headed ogres
  3 spectral merfolk (Depths:2)
  A fire vortex (Zot:5)
  Sonja (D:14)
  5 trolls
  2 blue devils
  A fire dragon zombie (Crypt:3)
  2 wind drakes (shapeshifter)
  2 tengu simulacra
  4 polar bears
  2 ushabtiu (Crypt:3)
  2 ravens (shapeshifter)
  3 jumping spiders
  11 boulder beetles
  12 baby alligators
  13 shadows
  2 fire giant simulacra
  A baby alligator (shapeshifter) (Elf:3)
  A basilisk (shapeshifter) (Elf:3)
  36 deep elf magi
  8 ravens
  2 ettin zombies
  16 bog bodies
  A trapdoor spider (D:14)
  A deep troll zombie (Zig:3)
  An ice dragon zombie (Crypt:3)
  A flying skull (Zig:8)
  A boulder beetle (shapeshifter) (Depths:1)
  89 slime creatures
  A black mamba zombie (Crypt:3)
  3 vampires
  9 spriggans
  26 blink frogs
  5 basilisks
  An ettin skeleton (Crypt:2)
  11 air elementals
  8 redbacks
  21 wraiths
  6 fire elementals (D:15)
  A dire elephant simulacrum (Crypt:2)
  3 golden eyes (Slime:5)
  A hog (shapeshifter) (Vaults:5)
  11 hippogriffs
  5 hogs (Snake:1)
  46 yaks
  A ynoxinul (D:5)
  15 water elementals
  2 tarantellas (Elf:1)
  6 wyverns
  8 large abominations
  18 humans (D:14)
  6 wolves
  64 nagas
  3 human simulacra
  A hungry ghost (Zig:8)
  43 vampire mosquitoes
  40 deep elf fighters
  3 mottled dragons
  An infernal demonspawn zombie (Crypt:1)
  12 insubstantial wisps
  21 soldier ants
  2 yaktaur simulacra
  8 raven skeletons (Crypt:3)
  An emperor scorpion simulacrum (Depths:1)
  A hydra simulacrum (Depths:2)
  8 porcupines
  25 wargs
  3 spiders
  5 spectral spriggans (Depths:2)
  47 water moccasins
  2 spiny frog zombies (Crypt:3)
  36 swamp worms
  4 spectral trolls
  4 hell hounds
  19 swamp drakes
  47 orc warriors
  10 wasps
  2 elf zombies (Vaults:3)
  31 ice beasts
  4 phantoms
  2 black bears
  A snapping turtle zombie (Crypt:3)
  28 centaurs
  3 boring beetles
  A deep troll simulacrum (Depths:1)
  18 necrophages
  A boring beetle (shapeshifter) (Vaults:4)
  11 eyes of draining
  3 big kobolds
  8 boggarts
  60 ogres
  2 vampire mosquito zombies (Vaults:3)
  5 sky beasts
  12 crocodiles
  A yaktaur zombie (Depths:1)
  A komodo dragon zombie (Crypt:1)
  6 lost souls
  A cyclops zombie (Crypt:2)
  32 giant frogs
  4 human skeletons
  A wyvern zombie (D:6)
  22 jellies
  2 troll zombies
  A merfolk simulacrum (Depths:2)
  4 scorpions
  A troll skeleton (Crypt:1)
  2 spectral ogres (Depths:2)
  2 spectral nagas (Depths:2)
  3 spriggan zombies
  14 killer bees
  18 wights
  11 electric eels
  A quasit (D:5)
  2 wyvern simulacra (D:9)
  2 goliath beetles (D:9)
  9 crimson imps
  A spectral centaur (Depths:2)
  A giant frog skeleton (D:12)
  A wolf skeleton (Crypt:1)
  9 centaur skeletons
  Crazy Yiuf (D:4)
  39 orc priests
  62 orc wizards
  A bog body skeleton (Crypt:3)
  A lava snake (Snake:5)
  18 hounds
  8 iguanas
  11 hell rats
  30 worker ants
  A crocodile zombie (Crypt:1)
  A naga zombie (Crypt:1)
  31 sheep
  A tengu zombie (Crypt:3)
  Ijyb (D:4)
  A sky beast zombie (Crypt:1)
  5 centaur simulacra
  A dwarf skeleton (Crypt:2)
  A mottled dragon skeleton (Crypt:1)
  2 hound zombies
  A hound skeleton (D:9)
  4 mummies
  A killer bee simulacrum (D:9)
  2 worker ant zombies
  14 gnolls
  27 adders
  72 river rats
  A naga simulacrum (Depths:2)
  2 shadow imps
  6 white imps
  A worm (shapeshifter) (D:15)
  A giant eyeball (Depths:2)
  5 worms
  4 ufetubi
  An adder skeleton (D:9)
  An adder simulacrum (D:9)
  4 giant geckos
  3 oozes
  187 orcs
  2 bat zombies
  14 hobgoblins
  7 jackals
  31 kobolds
  14 quokkas
  3 ball pythons
  20 bats
  6 giant cockroaches
  6 giant newts
  2 giant spores (D:11)
  19 goblins
  A kobold skeleton (Crypt:1)
  2 orc zombies
  11 rats
  A rat zombie (Crypt:1)
  5 ballistomycetes
  2 bushes
  12 butterflies
  3 crawling corpses (Vaults:4)
  5 fungi
  17 plants
3669 creatures vanquished.

Vanquished Creatures (collateral kills)
  A shadow dragon (Depths:5)
  An iron dragon (Vaults:5)
  2 ironheart preservers (Vaults:5)
  A white draconian (Depths:5)
  A red draconian (Zot:2)
  A yellow draconian (Depths:5)
  A great orb of eyes (Slime:6)
  An orb spider (Zig:9)
  A trapdoor spider (Zig:9)
  A naga (Snake:3)
  A spider (Zig:9)
  A water moccasin (Zig:6)
  An orc warrior (Depths:3)
14 creatures vanquished.

Vanquished Creatures (others)
  An eldritch tentacle (Zig:10)
  309 fire vortices
  4 lost souls
  A worker ant (D:10)
  3 giant spores (D:12)
  31 eldritch tentacle segments (Zig:10)
  7 fungi
  14 plants
370 creatures vanquished.

Grand Total: 4053 creatures vanquished

Notes
Turn   | Place    | Note
--------------------------------------------------------------
     0 | D:1      | zkyp, the Felid Wizard, began the quest for the Orb.
     0 | D:1      | Reached XP level 1. HP: 7/7 MP: 5/5
    78 | D:1      | Reached skill level 1 in Conjurations
   821 | D:1      | Reached XP level 2. HP: 4/11 MP: 5/7
  1062 | D:1      | Learned a level 2 spell: Blink
  1066 | D:1      | Learned a level 2 spell: Repel Missiles
  1729 | D:1      | Reached XP level 3. HP: 14/14 MP: 1/10
  2098 | D:2      | Gained mutation: You have a pair of small antennae on your head. [potion of mutation]
  2098 | D:2      | Gained mutation: You are partially covered in large bone plates (AC +2, SH +2). [potion of mutation]
  2484 | D:2      | Reached XP level 4. HP: 18/18 MP: 4/12
  3290 | D:3      | Reached skill level 4 in Conjurations
  3705 | D:2      | Reached XP level 5. HP: 17/21 MP: 3/14
  3822 | D:3      | Found a radiant altar of Vehumet.
  3839 | D:3      | Became a worshipper of Vehumet
  4215 | D:3      | Found a sparkling altar of Nemelex Xobeh.
  4239 | D:3      | Found an ancient bone altar of Kikubaaqudgha.
  4485 | D:4      | Reached skill level 5 in Conjurations
  4971 | D:4      | Gained mutation: You are covered in thick fur (AC +2). [growing up]
  4971 | D:4      | Reached XP level 6. HP: 6/24 MP: 4/17
  5927 | D:4      | Noticed Ijyb
  5950 | D:4      | Killed Ijyb
  6122 | D:4      | Noticed Crazy Yiuf
  6136 | D:4      | Killed Crazy Yiuf
  6136 | D:4      | Reached skill level 1 in Charms
  6379 | D:4      | Found a shattered altar of Ashenzari.
  6399 | D:4      | Acquired Vehumet's first power
  6399 | D:4      | Offered knowledge of Shock by Vehumet.
  6501 | D:4      | Noticed an ogre
  6861 | D:4      | Noticed a phantom
  6901 | D:4      | Killed a phantom
  6901 | D:4      | Reached XP level 7. HP: 27/27 MP: 6/18
  7562 | D:4      | Killed an ogre
  7626 | D:5      | Entered Level 5 of the Dungeon
  7676 | D:5      | Reached skill level 6 in Conjurations
  7775 | D:5      | Found an iron altar of Okawaru.
  7940 | D:5      | Found Feczodad's Gadget Emporium.
  8276 | D:5      | Found an opulent altar of Gozag.
  8648 | D:6      | Offered knowledge of Sting by Vehumet.
  8888 | D:6      | Reached skill level 7 in Conjurations
  8947 | D:6      | Reached XP level 8. HP: 31/31 MP: 10/20
  9621 | D:6      | Reached skill level 8 in Conjurations
  9704 | D:6      | Learned a level 3 spell: Mephitic Cloud
 10846 | D:7      | Learned a level 3 spell: Conjure Flame
 10968 | D:7      | Offered knowledge of Searing Ray by Vehumet.
 10968 | D:7      | Reached skill level 9 in Conjurations
 11309 | D:7      | Found a staircase to the Ecumenical Temple.
 11439 | D:7      | Noticed Joseph
 11440 | D:7      | Found a blossoming altar of Fedhas.
 11440 | D:7      | Found a deep blue altar of Sif Muna.
 11987 | D:7      | Reached XP level 9. HP: 34/34 MP: 15/22
 12172 | D:7      | Reached skill level 10 in Conjurations
 12246 | D:7      | Killed Joseph
 12708 | D:8      | Found a glowing silver altar of Zin.
 12708 | D:8      | Found a white marble altar of Elyvilon.
 12709 | D:8      | Found a glowing golden altar of the Shining One.
 12770 | D:8      | Learned a level 2 spell: Searing Ray
 12991 | D:8      | Acquired Vehumet's second power
 13091 | D:8      | Reached skill level 5 in Dodging
 13093 | D:8      | Noticed herpmino's ghost (experienced VSCK)
 13407 | D:8      | Gained mutation: You possess an exceptional clarity of mind. [mutagenic meat]
 13513 | D:8      | Killed herpmino's ghost
 13682 | D:8      | Offered knowledge of Stone Arrow by Vehumet.
 14408 | D:8      | Lost mutation: You possess an exceptional clarity of mind. [mutagenic meat]
 14410 | D:8      | Gained mutation: You are mostly covered in large bone plates (AC +3, SH +3). [mutagenic meat]
 14589 | D:8      | Reached XP level 10. HP: 37/37 MP: 22/25
 14649 | D:8      | Reached skill level 5 in Spellcasting
 14798 | D:9      | Acquired Vehumet's third power
 15183 | D:9      | Learned a level 3 spell: Stone Arrow
 15324 | D:9      | Reached skill level 1 in Earth Magic
 15693 | D:9      | Offered knowledge of Inner Flame by Vehumet.
 16494 | D:9      | Reached skill level 5 in Earth Magic
 17729 | D:9      | Found a staircase to the Lair.
 17774 | D:9      | Reached XP level 11. HP: 40/40 MP: 4/27
 18476 | D:9      | Offered knowledge of Fireball by Vehumet.
 18490 | D:9      | Learned a level 5 spell: Fireball
 18606 | D:9      | Reached skill level 1 in Fire Magic
 20054 | D:10     | Entered Level 10 of the Dungeon
 20175 | D:9      | Reached skill level 5 in Fire Magic
 20768 | D:10     | Noticed a hill giant
 21689 | Lair:1   | Entered Level 1 of the Lair of Beasts
 22130 | Lair:1   | Noticed an eight-headed hydra
 22473 | Lair:1   | Gained mutation: Your thick and shaggy fur keeps you warm (AC +3, rC+). [growing up]
 22473 | Lair:1   | Reached XP level 12. HP: 44/44 MP: 21/28
 22896 | Lair:1   | Reached skill level 1 in Fighting
 23203 | Lair:1   | Gained mutation: Your body is slowly deteriorating. [potion of mutation]
 23203 | Lair:1   | Gained mutation: Your muscles are strong. (Str +2) [potion of mutation]
 23203 | Lair:1   | Gained mutation: You are clumsy. (Dex -2) [potion of mutation]
 23213 | Lair:2   | Noticed a five-headed hydra
 23218 | Lair:2   | Killed a five-headed hydra
 23415 | Lair:2   | Gained mutation: Your spells are a little harder to cast, but a little more powerful. [potion of mutation]
 23415 | Lair:2   | Gained mutation: You can spit poison. [potion of mutation]
 23416 | Lair:2   | Gained mutation: You are resistant to hostile enchantments. [potion of mutation]
 23416 | Lair:2   | Gained mutation: You expend magic power (3 MP) to slightly strengthen your wands. [potion of mutation]
 23890 | Lair:2   | Reached skill level 5 in Fighting
 24263 | Lair:3   | Noticed Nergalle
 25324 | Lair:3   | Killed Nergalle
 25670 | Lair:4   | Found a frozen archway.
 25807 | IceCv    | Entered an ice cave
 25928 | IceCv    | Reached skill level 1 in Unarmed Combat
 26120 | IceCv    | Noticed an ice dragon
 26276 | IceCv    | Learned a level 2 spell: Stoneskin
 26277 | IceCv    | Noticed an ice dragon
 26280 | IceCv    | Killed an ice dragon
 26280 | IceCv    | Killed an ice dragon
 26490 | Lair:4   | Noticed a four-headed hydra
 26506 | Lair:4   | Reached XP level 13. HP: 44/60 MP: 26/29
 26597 | Lair:4   | Reached skill level 5 in Translocations
 26768 | Lair:4   | Killed a four-headed hydra
 27519 | Lair:4   | Offered knowledge of Iskenderun's Battlesphere by Vehumet.
 27690 | Lair:4   | Found a staircase to the Swamp.
 28422 | Lair:5   | Reached skill level 10 in Translocations
 28590 | Lair:5   | Learned a level 5 spell: Iskenderun's Battlesphere
 29227 | Lair:5   | Reached skill level 11 in Conjurations
 29647 | Lair:6   | Found a staircase to the Snake Pit.
 29895 | Lair:6   | Noticed Erica
 29898 | Lair:6   | Killed Erica
 30601 | Lair:6   | Reached XP level 14. HP: 64/64 MP: 33/33
 31194 | Lair:6   | Found a viscous altar of Jiyva.
 31194 | Lair:6   | Found a staircase to the Slime Pits.
 31580 | Lair:1   | Killed an eight-headed hydra
 31611 | Lair:1   | Learned a level 3 spell: Stone Arrow
 31879 | Lair:7   | Offered knowledge of Bolt of Cold by Vehumet.
 31886 | Lair:7   | Reached skill level 10 in Spellcasting
 33125 | Lair:7   | Gained mutation: You are partially covered in icy blue scales (AC +1). [potion of beneficial mutation]
 33377 | Lair:8   | Entered Level 8 of the Lair of Beasts
 33578 | Lair:8   | Offered knowledge of Poison Arrow by Vehumet.
 33948 | Lair:8   | Reached XP level 15. HP: 67/67 MP: 22/35
 35307 | Lair:8   | Reached skill level 12 in Spellcasting
 35308 | Lair:8   | Mangled by a dire elephant
 35309 | Lair:8   | Reached XP level 14. HP: -7/64 MP: 28/44
 36621 | Lair:1   | Learned a level 5 spell: Phase Shift
 36623 | D:9      | Upgraded the game from 0.16.1-2-g95b8d4c to 0.16.1-4-g8e1b745
 36865 | D:11     | Reached skill level 13 in Spellcasting
 37316 | D:11     | Found Gius' Weapon Shop.
 37332 | D:11     | Reached skill level 5 in Unarmed Combat
 38127 | D:12     | Noticed Erolcha
 38130 | D:12     | Killed Erolcha
 38316 | D:12     | Offered knowledge of Iron Shot by Vehumet.
 38324 | D:12     | Learned a level 6 spell: Iron Shot
 38694 | D:12     | Found a staircase to the Orcish Mines.
 38695 | D:12     | Found Smuwkom's Weapon Shop.
 38695 | D:12     | Found Soruraud's Armour Shop.
 39312 | Orc:1    | Entered Level 1 of the Orcish Mines
 39988 | Orc:2    | Found a bloodstained altar of Trog.
 40512 | Orc:3    | Offered knowledge of Orb of Destruction by Vehumet.
 40709 | Lair:1   | Learned a level 7 spell: Orb of Destruction
 41027 | Orc:3    | Noticed Josephine
 41032 | Orc:3    | Killed Josephine
 41135 | Orc:3    | Noticed Donald
 41139 | Orc:3    | Killed Donald
 41440 | Orc:3    | Found Atsit's Armour Shoppe.
 41609 | Orc:3    | Found a roughly hewn altar of Beogh.
 42111 | Orc:4    | Entered Level 4 of the Orcish Mines
 42476 | Orc:4    | Found a staircase to the Elven Halls.
 42655 | Orc:4    | Found an iron altar of Okawaru.
 43463 | Orc:4    | Found Pruisosh's Jewellery Emporium.
 43463 | Orc:4    | Found Puepn's Gadget Boutique.
 43526 | Orc:4    | Reached XP level 15. HP: 67/67 MP: 37/37
 43535 | Orc:4    | Offered knowledge of Poisonous Cloud by Vehumet.
 43792 | Orc:4    | Found a roughly hewn altar of Beogh.
 43857 | Orc:4    | Found Thruss Pudi's Magic Scroll Emporium.
 43857 | Orc:4    | Found Lihai's Jewellery Boutique.
 44025 | Orc:4    | Bought a scroll of identify for 26 gold pieces
 44025 | Orc:4    | Bought a scroll of silence for 97 gold pieces
 44025 | Orc:4    | Bought a scroll of identify for 26 gold pieces
 44025 | Orc:4    | Bought a scroll of magic mapping for 45 gold pieces
 46637 | D:14     | Found a sparkling altar of Nemelex Xobeh.
 47187 | D:14     | Offered knowledge of Fire Storm by Vehumet.
 47187 | D:14     | Offered knowledge of Shatter by Vehumet.
 47187 | D:14     | Offered knowledge of Tornado by Vehumet.
 47327 | D:14     | Identified the Catalogue of Bewitchment
 47390 | D:14     | Noticed Sonja
 47392 | D:14     | Killed Sonja
 48486 | D:14     | Found a gate to the Vaults.
 48567 | D:14     | Identified a scroll of acquirement
 48808 | D:15     | Entered Level 15 of the Dungeon
 48818 | D:15     | Noticed Roxanne
 48830 | D:15     | Killed Roxanne
 49520 | D:15     | Found a staircase to the Depths.
 49632 | D:15     | Noticed Azrael
 49975 | D:15     | Noticed Nessos
 49977 | D:15     | Killed Nessos
 50160 | D:15     | Found Mnien's Armour Emporium.
 50178 | D:15     | Killed Azrael
 50178 | D:15     | Reached skill level 14 in Conjurations
 51280 | D:15     | Reached skill level 10 in Fire Magic
 51544 | D:15     | Reached XP level 16. HP: 63/72 MP: 21/38
 52454 | Orc:4    | Bought an uncursed ring of poison resistance for 200 gold pieces
 52844 | Swamp:1  | Entered Level 1 of the Swamp
 54550 | Swamp:2  | Reached skill level 15 in Conjurations
 58246 | Swamp:3  | Noticed Saint Roka
 58254 | Swamp:3  | Killed Saint Roka
 58254 | Swamp:3  | Reached skill level 16 in Conjurations
 59502 | Swamp:4  | Got a twitching bone ring
 59525 | Swamp:4  | Noticed Agnes
 59529 | Swamp:4  | Killed Agnes
 59979 | Swamp:4  | Reached XP level 17. HP: 75/75 MP: 39/39
 60095 | Swamp:4  | Noticed Louise
 60253 | Swamp:4  | Killed Louise
 60874 | Swamp:4  | Noticed a tentacled monstrosity
 60882 | Swamp:4  | Killed a tentacled monstrosity
 61835 | Swamp:5  | Entered Level 5 of the Swamp
 62139 | Swamp:5  | Reached skill level 17 in Conjurations
 64300 | Swamp:5  | Noticed the 27-headed Lernaean hydra
 64415 | Swamp:5  | Killed the 27-headed Lernaean hydra
 64672 | Swamp:5  | Got a decaying rune of Zot
 64952 | Snake:1  | Entered Level 1 of the Snake Pit
 65365 | Snake:1  | Found an opulent altar of Gozag.
 65376 | Snake:1  | Noticed Kirke
 65390 | Snake:1  | Killed Kirke
 65393 | Snake:1  | Noticed Nikola
 65395 | Snake:1  | Killed from afar by Nikola
 65396 | Snake:1  | Reached XP level 16. HP: -21/72 MP: 16/47
 65764 | Elf:1    | Entered Level 1 of the Elven Halls
 66020 | Elf:1    | Noticed Urug
 66029 | Elf:1    | Reached skill level 18 in Conjurations
 66031 | Elf:1    | Killed Urug
 66179 | Elf:1    | Identified the Guide on Blows and Bruises and the Arsonist
 66382 | Lair:1   | Identified the ring of Foavolui {SustAb Int+6} (You found it on level 4 of the Swamp)
 66565 | Elf:1    | Reached XP level 17. HP: 61/75 MP: 26/39
 66758 | Elf:1    | Found a portal to a secret trove of treasure.
 67305 | Elf:1    | Noticed Rupert
 67347 | Elf:1    | Killed Rupert
 68217 | Elf:2    | Found a magical portal.
 68220 | WizLab   | Entered Wucad Mu's Monastery
 68733 | Elf:2    | Reached XP level 18. HP: 79/79 MP: 39/39
 68762 | Elf:2    | Found a runed gate.
 68762 | Elf:2    | Found a runed gate.
 68762 | Elf:2    | Found a runed gate.
 69542 | Elf:3    | Entered Level 3 of the Elven Halls
 69546 | Elf:3    | Reached skill level 19 in Conjurations
 69723 | Elf:3    | Learned a level 6 spell: Bolt of Fire
 69752 | Elf:3    | Noticed CrazyArbalest's ghost (mighty CeHu)
 69763 | Elf:3    | Killed CrazyArbalest's ghost
 70425 | Elf:3    | Found Ghitaisch's Antique Weapon Shop.
 72044 | Elf:3    | Reached XP level 19. HP: 82/82 MP: 33/40
 72728 | Vaults:1 | Entered Level 1 of the Vaults
 72888 | Vaults:1 | Noticed Aizul
 72894 | Vaults:1 | Killed Aizul
 73379 | Vaults:1 | Reached skill level 20 in Conjurations
 75322 | Vaults:2 | Reached skill level 15 in Fire Magic
 75603 | Vaults:2 | Found a staircase to the Crypt.
 75705 | Crypt:1  | Entered Level 1 of the Crypt
 76177 | Crypt:1  | Noticed Mara
 76184 | Crypt:1  | Killed Mara
 77030 | Orc:4    | Bought a wand of confusion (31) for 345 gold pieces
 77208 | Lair:1   | Gained mutation: Your flesh is cold resistant. [potion of beneficial mutation]
 78095 | Crypt:1  | Reached XP level 20. HP: 86/86 MP: 17/40
 78206 | Crypt:1  | Found an ancient bone altar of Kikubaaqudgha.
 79679 | Crypt:2  | Noticed Jorgrun
 79684 | Crypt:2  | Killed Jorgrun
 80414 | Crypt:2  | Noticed Wiglaf
 80424 | Crypt:2  | Killed Wiglaf
 80749 | Crypt:3  | Entered Level 3 of the Crypt
 81691 | Crypt:3  | Found a staircase to the Tomb.
 81691 | Crypt:3  | Noticed a greater mummy
 81698 | Crypt:3  | Killed a greater mummy
 85244 | Crypt:3  | Found a basalt altar of Yredelemnul.
 85542 | Crypt:3  | Reached XP level 21. HP: 90/90 MP: 34/41
 86303 | Crypt:3  | Mangled by a profane servitor
 86304 | Crypt:3  | Reached XP level 20. HP: -7/86 MP: 7/40
 87899 | Vaults:2 | Found Acrotist's Antique Armour Shop.
 90011 | Vaults:3 | Found Mneopiun's General Store.
 90204 | Vaults:3 | Bought a potion of might for 60 gold pieces
 91009 | Vaults:3 | Reached skill level 21 in Fire Magic
 91914 | Vaults:3 | Reached XP level 21. HP: 90/90 MP: 3/41
 93254 | Vaults:4 | Found Sasm's Armour Shop.
 93515 | Vaults:4 | Found Kloili's Weapon Shop.
 93518 | Vaults:4 | Found Oddy's Assorted Antiques.
 93537 | Vaults:4 | Bought a paperback book for 450 gold pieces
 93930 | Vaults:4 | Got a sparkling golden ring
 93946 | Vaults:4 | Noticed Jory
 93949 | Vaults:4 | Killed from afar by Jory
 93950 | Vaults:4 | Reached XP level 20. HP: -9/86 MP: 26/41
 94607 | Vaults:4 | Reached skill level 15 in Spellcasting
 95788 | Snake:1  | Killed Nikola
 96699 | Snake:2  | Identified the ring of Iragyhidd {+cTele +Fly rC+ MR- Stlth+} (You found it on level 4 of the Vaults)
 96716 | Snake:2  | Noticed Vashnia
 96748 | Snake:2  | Killed Vashnia
 97077 | Snake:2  | Found Khodit's General Store.
 97087 | Snake:2  | Bought a potion of brilliance for 76 gold pieces
 97267 | Snake:2  | Found Egrir's Armour Shop.
 97697 | Snake:2  | Found Ununtaomn's Jewellery Emporium.
 98069 | Lair:1   | Learned a level 9 spell: Fire Storm
 99109 | Snake:3  | Found an ancient bone altar of Kikubaaqudgha.
 99759 | Snake:4  | Noticed Snorg
 99762 | Snake:4  | Killed Snorg
100097 | Snake:4  | Reached XP level 21. HP: 78/90 MP: 15/43
100756 | Snake:5  | Entered Level 5 of the Snake Pit
100772 | Snake:5  | Noticed herpmino's ghost (mighty VSCK)
100775 | Snake:5  | Killed herpmino's ghost
102385 | Snake:5  | Reached skill level 10 in Dodging
103060 | Snake:5  | Got a serpentine rune of Zot
103741 | Lair:1   | Learned a level 1 spell: Summon Butterflies
103927 | Depths:1 | Entered Level 1 of the Depths
105748 | Depths:1 | Found a huge runed gate.
105750 | Depths:1 | Found a huge runed gate.
105756 | Depths:1 | Found a huge runed gate.
105756 | Depths:1 | Found a huge runed gate.
105756 | Depths:1 | Found a huge runed gate.
105756 | Depths:1 | Found a huge runed gate.
105756 | Depths:1 | Found a huge runed gate.
105757 | Depths:1 | Found a huge runed gate.
105757 | Depths:1 | Found a huge runed gate.
105757 | Depths:1 | Found a huge runed gate.
105764 | Depths:1 | Found a huge runed gate.
105764 | Depths:1 | Found a huge runed gate.
105764 | Depths:1 | Found a huge runed gate.
105779 | Depths:1 | Found a huge runed gate.
105780 | Depths:1 | Found a huge runed gate.
105781 | Depths:1 | Found a huge runed gate.
105991 | Depths:1 | Found a huge runed gate.
105992 | Depths:1 | Found a huge runed gate.
105993 | Depths:1 | Found a huge runed gate.
105995 | Depths:1 | Found a huge runed gate.
105995 | Depths:1 | Found a huge runed gate.
105995 | Depths:1 | Found a huge runed gate.
105995 | Depths:1 | Found a huge runed gate.
105995 | Depths:1 | Found a huge runed gate.
106332 | Depths:1 | Found a gateway to Hell.
106351 | Depths:1 | Found a gateway to a ziggurat.
106414 | Depths:1 | Found Khasaem's Antique Weapon Shop.
106490 | Depths:1 | Noticed a caustic shrike
106492 | Depths:1 | Reached skill level 15 in Dodging
106492 | Depths:1 | Killed a caustic shrike
106836 | Depths:1 | Reached XP level 22. HP: 53/94 MP: 9/44
107971 | Depths:3 | Found a one-way gate leading to the halls of Pandemonium.
110285 | Depths:3 | Found a roughly hewn altar of Beogh.
110717 | Depths:4 | Noticed Sojobo
110717 | Depths:4 | Killed Sojobo
110887 | Depths:2 | Noticed an ancient lich
110894 | Depths:3 | Killed an ancient lich
111433 | Depths:2 | Noticed Norris
111438 | Depths:2 | Killed Norris
111814 | Depths:2 | Reached skill level 22 in Fire Magic
112024 | Depths:2 | Got a scorched tin ring
113062 | Depths:2 | Identified the ring of Immorality {Slay+3 Stlth-} (You took it off a centaur warrior on level 2 of the Depths)
113757 | Depths:2 | Noticed Maud
113761 | Depths:2 | Reached XP level 23. HP: 97/97 MP: 36/44
113763 | Depths:2 | Killed Maud
113976 | Depths:4 | Noticed Boris
113982 | Depths:4 | Killed Boris
114416 | Depths:4 | Noticed a caustic shrike
114634 | Depths:4 | Killed a caustic shrike
115406 | Depths:4 | Found a one-way gate to the infinite horrors of the Abyss.
115769 | Depths:5 | Entered Level 5 of the Depths
115959 | Depths:5 | Found a gate to the Realm of Zot.
118251 | Depths:1 | Reached XP level 24. HP: 101/101 MP: 40/45
118755 | Vaults:4 | Found Mokhot Ishru's Jewellery Shop.
118762 | Vaults:4 | Found Onetut's General Store.
118776 | Vaults:4 | Bought a potion of agility for 72 gold pieces
118776 | Vaults:4 | Bought a scroll of amnesia for 63 gold pieces
119366 | Vaults:5 | Entered Level 5 of the Vaults
119375 | Vaults:4 | Reached skill level 23 in Fire Magic
119823 | Vaults:4 | Killed from afar by an iron dragon
119824 | Vaults:4 | Reached XP level 23. HP: -17/97 MP: 19/45
120278 | Vaults:5 | Noticed an ancient lich
120278 | Vaults:5 | Paralysed by a hornet for 4 turns
120282 | Vaults:5 | Succumbed to a hornet's poison
120283 | Vaults:5 | Reached XP level 22. HP: 0/94 MP: 45/45
121198 | Vaults:5 | Killed an ancient lich
121228 | Vaults:5 | Found Myzeuje's Assorted Antiques.
121229 | Vaults:5 | Found Wuforpha's Food Shoppe.
121238 | Vaults:5 | Bought a meat ration for 60 gold pieces
121238 | Vaults:5 | Bought 3 beef jerkies for 54 gold pieces
121241 | Vaults:5 | Bought a paperback book for 405 gold pieces
121241 | Vaults:5 | Bought a scroll of fog for 54 gold pieces
121805 | Vaults:5 | Got a translucent tin ring
121825 | Vaults:5 | Reached XP level 23. HP: 97/97 MP: 34/45
122074 | Vaults:5 | Got a silver rune of Zot
123807 | Lair:1   | Identified the ring "Strouw" {+Inv rF+ rC+ rN++ Dex-5} (You took it off a deep elf fighter on level 5 of the Vaults)
123823 | Lair:1   | Learned a level 7 spell: Ring of Flames
123849 | Lair:1   | Learned a level 7 spell: Delayed Fireball
124270 | Zot:1    | Entered Level 1 of the Realm of Zot
124577 | Zot:1    | Reached skill level 5 in Charms
125829 | Zot:1    | Reached skill level 10 in Charms
125833 | Zot:1    | Noticed an orb of fire
126326 | Zot:1    | Reached skill level 10 in Fighting
127124 | Zot:1    | Noticed an orb of fire
127287 | Zot:1    | Killed an orb of fire
127288 | Zot:1    | Killed an orb of fire
127567 | Zot:2    | Noticed an orb of fire
127580 | Zot:2    | Killed an orb of fire
128054 | Zot:2    | Reached XP level 24. HP: 106/108 MP: 21/46
129242 | Zig:1    | Entered Level 1 of a ziggurat
129288 | Zig:2    | Entered Level 2 of a ziggurat
129408 | Zig:3    | Entered Level 3 of a ziggurat
129556 | Zig:3    | Got a pitted bone ring
129568 | Zig:3    | Identified the ring of Kejain {rElec MP+9 Str+4} (You found it on level 3 of a ziggurat)
129570 | Zig:4    | Entered Level 4 of a ziggurat
129664 | Zig:5    | Entered Level 5 of a ziggurat
129665 | Zig:5    | Noticed BLOAX's ghost (mighty MiHu)
129672 | Zig:5    | Killed BLOAX's ghost
129672 | Zig:5    | Reached skill level 15 in Fighting
129781 | Zig:5    | Got a fine turquoise ring
129793 | Zig:5    | Identified the ring of Twaram {+/*Tele rC- rN+ MP-9 Int+2 Slay+3} (You found it on level 5 of a ziggurat)
129796 | Zig:6    | Entered Level 6 of a ziggurat
129863 | Zig:6    | Got a fine iron ring
129873 | Zig:7    | Entered Level 7 of a ziggurat
129879 | Zig:7    | Gained mutation: You can translocate small distances at will. [a shining eye]
129963 | Zig:7    | Identified Crig Hoe's Almanac of Enthralling Black Magic
129969 | Zig:8    | Entered Level 8 of a ziggurat
130111 | Zig:9    | Entered Level 9 of a ziggurat
130151 | Zig:9    | Got a faintly glowing ivory ring
130169 | Zig:9    | Identified the ring of the Duke {rElec rF- rC+ rN+ Dex-3 Slay+2} (You found it on level 9 of a ziggurat)
130170 | Zig:9    | Identified the ring of the Twelve Moons {Fire MP+9 Str+4 Int+3 Slay+2 Stlth-} (You found it on level 6 of a ziggurat)
130214 | Zig:10   | Entered Level 10 of a ziggurat
130226 | Zig:10   | Noticed an ancient lich
130229 | Zig:10   | Killed an ancient lich
130471 | Zig:10   | Reached XP level 25. HP: 120/120 MP: 47/47
130474 | Zig:10   | Got a crude steel ring
130484 | Zig:10   | Identified the Incunabulum of the Lethal Birds
130498 | Zig:10   | Identified the ring "Xugimeer" {-Tele rElec Int+4 Dex+3 SInv} (You found it on level 10 of a ziggurat)
130991 | Slime:1  | Entered Level 1 of the Pits of Slime
131724 | Slime:6  | Entered Level 6 of the Pits of Slime
132387 | Slime:6  | Noticed the royal jelly
132390 | Slime:6  | Killed the royal jelly
132390 | Slime:6  | Reached XP level 26. HP: 124/124 MP: 21/47
132470 | Slime:6  | Got a slimy rune of Zot
132645 | Slime:6  | Got a pitted jade ring
132646 | Slime:6  | Identified the ring "Feshra" {+Fly rC+ MR- AC+3 Str+6 Int+3} (You found it on level 6 of the Pits of Slime)
133881 | Zot:2    | Noticed an orb of fire
134368 | Zot:2    | Noticed an orb of fire
134374 | Zot:2    | Killed an orb of fire
134757 | Zot:2    | Reached skill level 24 in Dodging
135685 | Zot:3    | Reached skill level 25 in Dodging
136224 | Zot:3    | Learned a level 6 spell: Deflect Missiles
136284 | Zot:4    | Reached skill level 1 in Air Magic
136944 | Zot:4    | Reached skill level 5 in Air Magic
137151 | Zot:4    | Reached XP level 27. HP: 108/128 MP: 29/47
138002 | Zot:5    | Entered Level 5 of the Realm of Zot
138410 | Zot:5    | Reached skill level 10 in Air Magic
138708 | Zot:5    | Noticed an ancient lich
138721 | Zot:5    | Killed an ancient lich
138837 | Zot:5    | Noticed an ancient lich
138845 | Zot:5    | Killed an ancient lich
139231 | Zot:5    | Noticed an orb of fire
139233 | Zot:5    | Gained mutation: Your magical capacity is low (-10% MP). [an orb of fire]
139263 | Zot:5    | Gained mutation: You heal slowly when monsters are visible. [an orb of fire]
139267 | Zot:5    | Killed an orb of fire
139287 | Zot:5    | Noticed an orb of fire
140267 | Zot:5    | Noticed an orb of fire
140301 | Zot:5    | Killed an orb of fire
140322 | Zot:5    | Noticed an orb of fire
140859 | Zot:5    | Noticed an orb of fire
141248 | Zot:5    | Killed an orb of fire
141369 | Zot:5    | Noticed an ancient lich
141370 | Zot:5    | Killed an ancient lich
141440 | Zot:5    | Killed an orb of fire
141869 | Zot:5    | Killed an orb of fire
142238 | Zot:5    | Got the Orb of Zot
142246 | Zot:5    | Noticed an ancient lich
142428 | Depths:4 | Noticed Romops the pandemonium lord
142873 | D:5      | Noticed Xetwaveg the pandemonium lord
143041 | D:$      | Escaped with the Orb!

Action                   |  1- 3 |  4- 6 |  7- 9 | 10-12 | 13-15 | 16-18 | 19-21 | 22-24 | 25-27 || total
-------------------------+-------+-------+-------+-------+-------+-------+-------+-------+-------++-------
Melee: Unarmed           |    24 |       |    47 |    35 |   184 |    29 |   157 |    69 |    20 ||   565
 Cast: Magic Dart        |   109 |   237 |   578 |    45 |       |       |       |       |       ||   969
       Repel Missiles    |     1 |       |     2 |     2 |     6 |     3 |     3 |     3 |       ||    20
       Mephitic Cloud    |       |       |     4 |     7 |       |       |       |       |       ||    11
       Conjure Flame     |       |       |     7 |    16 |       |       |       |       |       ||    23
       Searing Ray       |       |       |     3 |    10 |     2 |       |       |     2 |     1 ||    18
       Stone Arrow       |       |       |       |   445 |   875 |   825 |   180 |       |       ||  2325
       Fireball          |       |       |       |    46 |   278 |   123 |   609 |    23 |     2 ||  1081
       Stoneskin         |       |       |       |     1 |       |       |       |       |       ||     1
       Iskenderun's Batt |       |       |       |       |    48 |    36 |    17 |       |       ||   101
       Blink             |       |       |       |       |     1 |    15 |     7 |    16 |    15 ||    54
       Iron Shot         |       |       |       |       |    68 |   128 |   157 |   104 |    45 ||   502
       Orb of Destructio |       |       |       |       |    13 |    14 |    60 |    25 |    31 ||   143
       Bolt of Fire      |       |       |       |       |       |    14 |   318 |   655 |   294 ||  1281
       Phase Shift       |       |       |       |       |       |     2 |    11 |     8 |     2 ||    23
       Fire Storm        |       |       |       |       |       |       |    30 |   149 |   103 ||   282
       Ring of Flames    |       |       |       |       |       |       |       |     9 |     6 ||    15
       Deflect Missiles  |       |       |       |       |       |       |       |       |     3 ||     3
Evoke: Wand              |       |       |       |     2 |     2 |     2 |     2 |     9 |    26 ||    43
  Use: Scroll            |     3 |     1 |     8 |    15 |    22 |    16 |    14 |    25 |    19 ||   123
       Potion            |     1 |       |     1 |     5 |     3 |     2 |     9 |     8 |    12 ||    41
 Stab: Confused          |       |       |     1 |       |       |       |       |       |       ||     1
       Distracted        |       |       |       |       |     1 |       |       |       |       ||     1
       Sleeping          |       |       |       |       |       |       |     1 |       |       ||     1
  Eat: Chunk             |     7 |    10 |    19 |    31 |   115 |    85 |    98 |    92 |    40 ||   497
       Beef jerky        |       |       |       |     1 |     2 |       |     1 |     1 |     7 ||    12
       Meat ration       |       |       |       |       |     1 |       |     4 |     1 |     1 ||     7
       Pizza             |       |       |       |       |     1 |       |     1 |     1 |     2 ||     5
       Royal jelly       |       |       |       |       |       |       |     1 |     1 |     6 ||     8
